 Dungeon Crawl Stone Soup version 0.21.1-1-g345015fe64 (webtiles) character file.

19375 Norrik the Carver (level 12, -2/116 HPs)
             Began as a Minotaur Monk on Mar 20, 2018.
             Was a High Priest of Okawaru.
             Slain by a slime creature (16 damage)
             ... on level 12 of the Dungeon.
             The game lasted 00:53:15 (14011 turns).

Norrik the Carver (Minotaur Monk)                  Turns: 14011, Time: 00:53:15

Health: -2/116     AC: 16    Str: 18    XL:     12   Next: 36%
Magic:  11/11      EV: 16    Int:  8    God:    Okawaru [*****.]
Gold:   701        SH:  0    Dex: 15    Spells: 11/11 levels left

rFire    . . .     SeeInvis .   N - +3 long sword (holy)
rCold    + + .     Gourm    .   (no shield)
rNeg     . . .     Faith    .   T - +1 scale mail {rC+}
rPois    .         Spirit   .   f - +2 hat
rElec    .         Reflect  .   U - +2 cloak
rCorr    .         Harm     .   (no gloves)
MR       +....                  B - +0 pair of boots
Stlth    +.........             (no amulet)
HPRegen  0.29/turn              u - ring of protection from magic
MPRegen  0.12/turn              K - ring of protection from cold

@: no status effects
A: retaliatory headbutt, horns 2
a: Heroism, Finesse, Renounce Religion


You were on level 12 of the Dungeon.
You worshipped Okawaru.
Okawaru was extremely pleased with you.
You were not hungry.

You visited 2 branches of the dungeon, and saw 13 of its levels.

You collected 701 gold pieces.

Inventory:

Hand Weapons
 q - a +0 great sword
 N - a +3 long sword of holy wrath (weapon)
Missiles
 i - 8 javelins (quivered)
 k - 108 arrows
 t - a throwing net
Armour
 f - a +2 hat (worn)
 m - a +1 ring mail of cold resistance
 p - a +2 shield
 B - a +0 pair of boots (worn)
 T - a +1 scale mail of cold resistance (worn)
 U - a +2 cloak (worn)
Jewellery
 u - a ring of protection from magic (left hand)
 w - an uncursed ring of flight
 K - a ring of protection from cold (right hand)
 L - a +6 ring of evasion
 Q - a +3 ring of protection {unknown}
Wands
 n - a wand of iceblast (12)
 A - a wand of polymorph (6)
 E - a wand of random effects (26)
 G - a wand of disintegration (11)
 H - a wand of paralysis (16)
 X - a wand of flame (30)
Scrolls
 a - 3 scrolls of identify
 b - a scroll of remove curse
 g - 8 scrolls of magic mapping
 h - 7 scrolls of teleportation
 v - a scroll of enchant armour {unknown}
 x - 2 scrolls of amnesia
 y - a scroll of fear {unknown}
 z - 2 scrolls of fog
 F - a scroll of blinking {unknown}
 I - a scroll of vulnerability {unknown}
 O - a scroll of enchant weapon
 W - a scroll of brand weapon {unknown}
 Y - 2 scrolls of noise {unknown}
 Z - a scroll of summoning {unknown}
Potions
 d - 2 potions of agility
 e - a potion of invisibility
 j - 2 potions of flight
 l - 5 potions of curing
 o - 2 potions of mutation
 r - a potion of berserk rage
 s - 2 potions of magic
 C - a potion of lignification {unknown}
 J - a potion of cancellation {unknown}
 P - a potion of might
 R - 2 potions of heal wounds {unknown}
 S - a potion of resistance {unknown}
Books
 D - a book of Clouds

   Spells                             Type                      Level
   a - Poisonous Vapours              Poison/Air                   2
   b - Mephitic Cloud                 Conjuration/Poison/Air       3
   c - Conjure Flame                  Conjuration/Fire             3
   d - Freezing Cloud                 Conjuration/Ice/Air          6
   e - Ring of Flames                 Charms/Fire                  7
 M - a book of Changes

   Spells                             Type                      Level
   a - Beastly Appendage              Transmutation                1
   b - Sticks to Snakes               Transmutation                2
   c - Spider Form                    Transmutation/Poison         3
   d - Ice Form                       Ice/Transmutation            4
   e - Blade Hands                    Transmutation                5
 V - a book of Frost

   Spells                             Type                      Level
   a - Freeze                         Ice                          1
   b - Throw Frost                    Conjuration/Ice              2
   c - Ozocubu's Armour               Charms/Ice                   3
   d - Throw Icicle                   Conjuration/Ice              4
   e - Summon Ice Beast               Ice/Summoning                4
Comestibles
 c - 19 rations


   Skills:
 - Level 13.7 Fighting
 - Level 14.0 Long Blades
   Level 3.6 Polearms
 + Level 9.6 Armour
 - Level 10.2 Dodging
 - Level 1.5 Stealth


You had 11 spell levels left.
You didn't know any spells.

Dungeon Overview and Level Annotations

Branches:
Dungeon (12/15)            Temple (1/1) D:7            Lair (0/6) D:11
    Orc (0/2) D:11

Altars:
Ashenzari
Cheibriados
Dithmenos
Elyvilon
Fedhas
Gozag
Hepliaklqana
Kikubaaqudgha
Makhleb
Nemelex Xobeh
Okawaru
Qazlal
Sif Muna
Trog
Uskayaw
Vehumet
Xom
Yredelemnul
Zin
The Shining One
Beogh


Innate Abilities, Weirdness & Mutations

You reflexively headbutt those who attack you in melee.
You have a pair of horns on your head.


Message History

You headbutt the slime creature.
You kill the slime creature!
Okawaru accepts your kill.
The slime creature hits you but does no damage.
You hit the slime creature.
The slime creature is heavily wounded.
The slime creature hits you but does no damage.
You hit the slime creature.
The slime creature is heavily wounded.
The slime creature hits you.
* * * LOW HITPOINT WARNING * * *
You slash the slime creature!
The slime creature is severely wounded.
You slice the slime creature!!
The slime creature is almost dead.
The slime creature hits you but does no damage.
You hit the slime creature.
The slime creature is almost dead.
The slime creature hits you!
You die...

#### #..## #...####
## #.#....# ##.
###########.##...##
#..
#........(.....J..##
##.#
#....######..##@#..#
#..# ####..#
##.##.##.# ##.##
##.## #.##.##.#
##..# #..#
#>##.##.### ###..##
##.#
#.##.##...####...##
#.#
#.##.####....#.###
#.# #..#.# ####...#
#.# ##J#.# ##.##
#.## ##.#.# #...


You could see a slime creature.

Vanquished Creatures
  Gastronok (D:10)
  Josephine (D:11)
  5 two-headed ogres
  The ghost of Norrik the Carver, a novice MiMo of Okawaru (D:12)
  A tengu warrior (D:11)
  The ghost of Fuxmar the Covert, a novice OpFi of Dithmenos (D:10)
  An unseen horror (D:10)
  Pikel (D:8)
  2 ugly things (D:11)
  A centaur skeleton (D:12)
  A gargoyle (D:11)
  2 komodo dragons (D:11)
  3 slime creatures (D:12)
  3 hippogriffs
  Sigmund (D:2)
  A spriggan (D:9)
  4 wraiths (D:11)
  9 yaks
  A wyvern (D:9)
  2 hungry ghosts
  A steam dragon (D:8)
  The ghost of Blank the Poker, an amateur MfSk (D:4)
  A vampire mosquito (D:12)
  Menkaure (D:7)
  A soldier ant (D:11)
  4 orc warriors
  4 ice beasts
  A black bear (D:12)
  A sky beast (D:5)
  5 ogres
  3 phantoms
  3 centaurs
  8 bullfrogs
  7 scorpions
  A water moccasin skeleton (D:5)
  6 killer bees (D:10)
  7 wights
  A howler monkey (D:7)
  A centaur zombie (D:12)
  9 crimson imps
  2 quasits
  3 hounds
  4 jellies
  5 orc priests
  2 bullfrog skeletons
  3 orc wizards
  2 iguanas
  Terence (D:2)
  6 worker ants
  A killer bee zombie (D:10)
  3 hound skeletons
  2 worker ant zombies
  12 adders
  2 shadow imps
  An ooze (D:5)
  2 adder zombies
  2 adder skeletons
  A worm (D:3)
  4 dart slugs
  9 leopard geckos
  63 orcs
  5 ball pythons
  4 bats
  8 giant cockroaches
  7 goblins
  4 hobgoblins
  15 jackals
  5 quokkas
  3 frilled lizards
  3 kobolds
  A leopard gecko zombie (D:5)
  9 rats
  A spectral orc (D:6)
303 creatures vanquished.

Vanquished Creatures (others)
  An orc (D:8)
  A bat (D:2)
  2 plants (D:11)
4 creatures vanquished.

Grand Total: 307 creatures vanquished

Notes
Turn   | Place    | Note
-------+----------+-------------------------------------------
     0 | D:1      | Norrik the Minotaur Monk began the quest for the Orb.
     0 | D:1      | Reached XP level 1. HP: 19/19 MP: 0/0
   148 | D:1      | Reached XP level 2. HP: 15/28 MP: 1/1
   672 | D:1      | Reached skill level 5 in Fighting
   814 | D:1      | Reached XP level 3. HP: 35/36 MP: 2/2
  1176 | D:2      | Found a white marble altar of Elyvilon.
  1236 | D:2      | Noticed Sigmund
  1255 | D:2      | Killed Sigmund
  1255 | D:2      | Reached XP level 4. HP: 10/47 MP: 3/3
  1255 | D:2      | Reached XP level 5. HP: 11/52 MP: 4/4
  1737 | D:2      | Noticed Terence
  1748 | D:2      | Killed Terence
  2267 | D:3      | Reached XP level 6. HP: 61/61 MP: 5/5
  3021 | D:4      | Noticed Blank's ghost (amateur MfSk)
  3061 | D:4      | Killed Blank's ghost
  3200 | D:4      | Reached XP level 7. HP: 54/71 MP: 6/6
  3334 | D:4      | Found a shattered altar of Ashenzari.
  3350 | D:4      | Reached skill level 10 in Fighting
  3572 | D:5      | Entered Level 5 of the Dungeon
  4061 | D:5      | Reached XP level 8. HP: 33/82 MP: 7/7
  4581 | D:5      | You fall through a shaft for 2 floors!
  4874 | D:7      | Found a staircase to the Ecumenical Temple.
  4887 | Temple   | Entered the Ecumenical Temple
  4942 | Temple   | Became a worshipper of Warmaster Okawaru
  4942 | Temple   | Reached * piety under Okawaru
  4942 | Temple   | Reached ** piety under Okawaru
  4988 | D:6      | Reached skill level 1 in Long Blades
  4988 | D:6      | Reached skill level 2 in Long Blades
  5293 | D:6      | Reached XP level 9. HP: 77/94 MP: 8/8
  5384 | D:6      | Found an opulent altar of Gozag.
  5470 | D:6      | Reached skill level 1 in Armour
  5530 | D:6      | Found a basalt altar of Yredelemnul.
  5787 | D:6      | Found a shadowy altar of Dithmenos.
  5908 | D:6      | Found an opulent altar of Gozag.
  5914 | D:6      | Found a radiant altar of Vehumet.
  5914 | D:6      | Found a bloodstained altar of Trog.
  5915 | D:6      | Found a glowing silver altar of Zin.
  5917 | D:6      | Found a glowing golden altar of the Shining One.
  5918 | D:6      | Found a hazy altar of Hepliaklqana.
  5919 | D:6      | Found an ancient bone altar of Kikubaaqudgha.
  6318 | D:7      | Noticed Menkaure
  6324 | D:7      | Killed Menkaure
  6324 | D:7      | Reached skill level 3 in Long Blades
  6805 | D:7      | Reached skill level 4 in Long Blades
  6928 | D:8      | Reached skill level 5 in Long Blades
  7012 | D:8      | Reached skill level 6 in Long Blades
  7285 | D:8      | Reached skill level 7 in Long Blades
  7407 | D:8      | Noticed a two-headed ogre
  7418 | D:8      | Killed a two-headed ogre
  7418 | D:8      | Reached *** piety under Okawaru
  7418 | D:8      | Reached skill level 9 in Long Blades
  7455 | D:8      | Reached XP level 10. HP: 46/102 MP: 9/9
  8054 | D:8      | Noticed a two-headed ogre
  8066 | D:8      | Killed a two-headed ogre
  8066 | D:8      | Reached **** piety under Okawaru
  8066 | D:8      | Reached skill level 10 in Long Blades
  8420 | D:8      | Noticed Pikel
  8428 | D:8      | Killed Pikel
  8428 | D:8      | Reached skill level 11 in Long Blades
  8776 | D:9      | Noticed a two-headed ogre
  8812 | D:9      | Killed a two-headed ogre
  8812 | D:9      | Reached skill level 12 in Long Blades
  8819 | D:9      | Reached ***** piety under Okawaru
  9460 | D:9      | Reached skill level 13 in Long Blades
  9510 | D:9      | Found a stormy altar of Qazlal.
  9524 | D:9      | Found a blossoming altar of Fedhas.
  9698 | D:10     | Entered Level 10 of the Dungeon
  9820 | D:10     | Found a glowing golden altar of the Shining One.
 10129 | D:10     | Killed an unseen horror
 10129 | D:10     | Reached XP level 11. HP: 34/108 MP: 10/10
 10215 | D:10     | Noticed Fuxmar's ghost (novice OpFi)
 10599 | D:10     | Killed Fuxmar's ghost
 10599 | D:10     | Reached skill level 14 in Long Blades
 10787 | D:10     | Noticed Gastronok
 10825 | D:10     | Killed Gastronok
 10825 | D:10     | Reached skill level 5 in Dodging
 11050 | D:11     | Noticed a tengu warrior
 11055 | D:11     | Noticed a red ugly thing
 11059 | D:11     | Killed a tengu warrior
 11059 | D:11     | Reached skill level 5 in Armour
 11073 | D:11     | Killed a red ugly thing
 11418 | D:11     | Found a staircase to the Lair.
 11476 | D:11     | Noticed a two-headed ogre
 11493 | D:11     | Killed a two-headed ogre
 11642 | D:11     | Noticed a red ugly thing
 11655 | D:11     | Killed a red ugly thing
 12121 | D:11     | Noticed a two-headed ogre
 12132 | D:11     | Killed a two-headed ogre
 12132 | D:11     | Received a gift from Okawaru
 12237 | D:11     | Noticed Josephine
 12256 | D:11     | Killed Josephine
 12256 | D:11     | Reached XP level 12. HP: 70/116 MP: 9/11
 13005 | D:11     | Found a roughly hewn altar of Beogh.
 13005 | D:11     | Found a staircase to the Orcish Mines.
 13574 | D:12     | Reached skill level 10 in Dodging
 13666 | D:12     | Noticed Norrik's ghost (novice MiMo)
 13677 | D:12     | Killed Norrik's ghost
 14011 | D:12     | Slain by a slime creature

Skill      XL: |  1  2  3  4  5  6  7  8  9 10 11 12 |
---------------+-------------------------------------+-----
Fighting       | 4 5 7 8 9 11 13 | 13.7
Long Blades    | 2 9 13 14 | 14.0
Armour         | 3 7 9 |  9.6
Dodging        | 9 10 | 10.2
Polearms       | |  3.6
Stealth        | |  1.5

Action                   |  1- 3 |  4- 6 |  7- 9 | 10-12 || total
-------------------------+-------+-------+-------+-------++-------
Melee: Spear             |    79 |    59 |       |       ||   138
       Headbutt          |     8 |    18 |    86 |   115 ||   227
       Long sword        |       |    78 |   230 |   498 ||   806
       Falchion          |       |       |    53 |       ||    53
       Punch             |       |       |       |     1 ||     1
       Great sword       |       |       |       |     4 ||     4
Throw: Javelin           |       |       |       |     1 ||     1
Invok: Heroism           |       |       |     3 |    15 ||    18
  Use: Scroll            |       |     4 |    10 |     5 ||    19
 Stab: Sleeping          |     1 |       |       |       ||     1
  Eat: Chunk             |     1 |     6 |    18 |    14 ||    39
       Ration            |       |       |       |     2 ||     2
Armor: Robe              |     7 |       |       |       ||     7
       Scale mail        |    11 |    62 |   133 |   133 ||   339
       Steam dragon scal |       |       |       |    24 ||    24
Dodge: Dodged            |    52 |   102 |   194 |   229 ||   577
       Rpst.: Long sword |       |    16 |    45 |    56 ||   117
       Falchion          |       |       |    13 |       ||    13
